APP
JOHNSON CITY CARDINALS @ CHICAGO (APP) CUBS
09/17/2046
 
TOP OF THE 1ST
Johnson City Cardinals batting - Pitching for Chicago (APP) Cubs : RHP Roberto Cruz
Pitching: RHP Roberto Cruz
Batting: RHB Nick Latulippe 0-0: Ball
1-0: Ball
2-0: Swinging Strike
2-1: Foul Ball, location: 2F
2-2: Foul Ball, location: 2F
2-2: Ball
3-2: Base on Balls
Batting: LHB Mike East 0-0: Ball
1-0: Ball
Nick Latulippe steals 2nd base
2-0: Ball
3-0: Base on Balls
Batting: LHB Ken Morehead 0-0: Called Strike
Nick Latulippe steals 3rd base (no throw)
Mike East to second
0-1: Fly out, F1 (Popup, 13, EV 82.5 MPH)
Batting: RHB Herbert Loveless 0-0: Foul Ball, location: 2F
0-1: Ball
1-1: Ball
2-1: Ball
3-1: Foul Ball, location: 2F
3-2: Base on Balls
Pitching: LHP Tom Mooney
Batting: RHB Geoff Musico 0-0: Ball
1-0: Swinging Strike
1-1: Fielders Choice at 2nd, 4-6 (Groundball, 4, EV 79.4 MPH)
Nick Latulippe scores
Mike East to third
Batting: RHB Bobby Miles 0-0: Ball
1-0: Ball
2-0: Ball
3-0: Base on Balls
Geoff Musico to second
Batting: RHB Sam Daw 0-0: Ball
1-0: Ball
2-0: Swinging Strike
2-1: Foul Ball, location: 2F
2-2: Foul Ball, location: 2F
2-2: Ball
3-2: Foul Ball, location: 2F
3-2: Strikes out swinging
Top of the 1st over - 1 run, 0 hits, 0 errors, 3 left on base; Johnson City 1 - Chicago (APP) 0
BOTTOM OF THE 1ST
Chicago (APP) Cubs batting - Pitching for Johnson City Cardinals : LHP Craig Soole
Pitching: LHP Craig Soole
Batting: RHB Adrian Cox 0-0: Ball
1-0: Ball
2-0: Ball
3-0: Called Strike
3-1: Base on Balls
Batting: RHB Mike Hill 0-0: Ball
1-0: Foul Ball, location: 2F
1-1: Ball
2-1: Fly out, F9 (Line Drive, 89M, EV 93.1 MPH)
Batting: RHB T.J. Garrison 0-0: Ball
1-0: Ball
2-0: Ball
3-0: Called Strike
3-1: SINGLE (Line Drive, 8RS, EV 103.8 MPH)
Adrian Cox to second
Batting: LHB Hiroki Yamamoto 0-0: Ground out 6-3 (Groundball, P, EV 78.8 MPH)
Adrian Cox to third
T.J. Garrison to second
Batting: RHB Dustin Goldsborough 0-0: Swinging Strike
0-1: Ball
1-1: Called Strike
1-2: 3-RUN HOME RUN (Flyball, 7D, EV 98.1 MPH), Distance : 397 ft
Batting: RHB Andy Baumhardt 0-0: Ball
1-0: Swinging Strike
1-1: Ball
2-1: Ball
3-1: Foul Ball, location: 2F
3-2: Foul Ball, location: 2F
3-2: Strikes out swinging
Bottom of the 1st over - 3 runs, 2 hits, 0 errors, 0 left on base; Johnson City 1 - Chicago (APP) 3
TOP OF THE 2ND
Johnson City Cardinals batting - Pitching for Chicago (APP) Cubs : LHP Tom Mooney
Batting: RHB Edgar Klockow 0-0: Called Strike
0-1: Ball
1-1: SOLO HOME RUN (Line Drive, 78XD, EV 116.2 MPH), Distance : 444 ft
Pitching: RHP Trevor Woodbury
Batting: RHB Diego Herrera 0-0: Ball
1-0: Ball
2-0: Ball
3-0: Called Strike
3-1: Foul Ball, location: 2F
3-2: Strikes out swinging
Batting: RHB Nick Latulippe 0-0: Swinging Strike
0-1: Ground out 5-3 (Groundball, 56, EV 103.8 MPH)
Batting: LHB Mike East 0-0: SINGLE (Line Drive, 8RS, EV 93.1 MPH)
Batting: LHB Ken Morehead 0-0: Ball
1-0: Ball
Mike East steals 2nd base (no throw)
2-0: Ball
3-0: Foul Ball, location: 2F
3-1: Foul Ball, location: 2F
3-2: Base on Balls
Batting: RHB Herbert Loveless 0-0: Ball
1-0: Ball
2-0: Ball
3-0: Base on Balls
Mike East to third
Ken Morehead to second
Batting: RHB Geoff Musico 0-0: Swinging Strike
0-1: Ball
1-1: Foul Ball, location: 2F
1-2: Foul Ball, location: 2F
1-2: Strikes out looking
Top of the 2nd over - 1 run, 2 hits, 0 errors, 3 left on base; Johnson City 2 - Chicago (APP) 3
BOTTOM OF THE 2ND
Chicago (APP) Cubs batting - Pitching for Johnson City Cardinals : LHP Craig Soole
Batting: RHB Ricardo Saucedo 0-0: Called Strike
0-1: Swinging Strike
0-2: Strikes out swinging
Batting: LHB Velimir Sljivancanin 0-0: Foul Ball, location: 2F
0-1: SINGLE (Groundball, 4MD, EV 100.0 MPH)
Batting: RHB Bogdan Sdobnyakov 0-0: Bunt missed!
0-1: Bunt missed!
0-2: Bunted foul, Strikeout!
Batting: RHB Adrian Cox 0-0: Ball
1-0: Fly out, F8 (Flyball, 8LD, EV 103.8 MPH)
Bottom of the 2nd over - 0 runs, 1 hit, 0 errors, 1 left on base; Johnson City 2 - Chicago (APP) 3
TOP OF THE 3RD
Johnson City Cardinals batting - Pitching for Chicago (APP) Cubs : RHP Trevor Woodbury
Batting: RHB Bobby Miles 0-0: Ball
1-0: Ball
2-0: Called Strike
2-1: Called Strike
2-2: Strikes out swinging
Batting: RHB Sam Daw 0-0: Ball
1-0: SINGLE (Line Drive, 9S, EV 90.0 MPH)
Batting: RHB Edgar Klockow 0-0: 2-RUN HOME RUN (Flyball, 7D, EV 100.6 MPH), Distance : 377 ft
Batting: RHB Diego Herrera 0-0: Swinging Strike
0-1: Swinging Strike
0-2: Strikes out swinging
Batting: RHB Nick Latulippe 0-0: Ball
1-0: Foul Ball, location: 2F
1-1: Ball
2-1: Swinging Strike
2-2: Strikes out swinging
Top of the 3rd over - 2 runs, 2 hits, 0 errors, 0 left on base; Johnson City 4 - Chicago (APP) 3
BOTTOM OF THE 3RD
Chicago (APP) Cubs batting - Pitching for Johnson City Cardinals : LHP Craig Soole
Batting: RHB Mike Hill 0-0: Ball
1-0: Ball
2-0: Foul Ball, location: 2F
2-1: Swinging Strike
2-2: Fly out, F6 (Line Drive, 56, EV 73.8 MPH)
Batting: RHB T.J. Garrison 0-0: Called Strike
0-1: Ball
1-1: Ball
2-1: Ball
3-1: Base on Balls
Batting: LHB Hiroki Yamamoto 0-0: Swinging Strike
0-1: Fly out, F8 (Line Drive, 8LD, EV 111.2 MPH)
Batting: RHB Dustin Goldsborough 0-0: Ball
1-0: Ball
2-0: Ball
3-0: Called Strike
3-1: Base on Balls
T.J. Garrison to second
Batting: RHB Andy Baumhardt 0-0: Ball
1-0: Swinging Strike
1-1: Foul Ball, location: 2F
1-2: Fly out, F7 (Line Drive, 78M, EV 98.8 MPH)
Bottom of the 3rd over - 0 runs, 0 hits, 0 errors, 2 left on base; Johnson City 4 - Chicago (APP) 3
TOP OF THE 4TH
Johnson City Cardinals batting - Pitching for Chicago (APP) Cubs : RHP Trevor Woodbury
Batting: LHB Mike East 0-0: Foul Ball, location: 2F
0-1: Ball
1-1: Called Strike
1-2: Ball
2-2: Strikes out looking
Batting: LHB Ken Morehead 0-0: Foul Ball, location: 2F
0-1: Ball
1-1: Foul Ball, location: 2F
1-2: Strikes out swinging
Batting: RHB Herbert Loveless 0-0: Ball
1-0: Ball
2-0: Foul Ball, location: 2F
2-1: Called Strike
2-2: Strikes out swinging
Top of the 4th over - 0 runs, 0 hits, 0 errors, 0 left on base; Johnson City 4 - Chicago (APP) 3
BOTTOM OF THE 4TH
Chicago (APP) Cubs batting - Pitching for Johnson City Cardinals : LHP Craig Soole
Batting: RHB Ricardo Saucedo 0-0: Ball
1-0: Called Strike
1-1: Ball
2-1: Foul Ball, location: 2F
2-2: Ball
3-2: Foul Ball, location: 2F
3-2: Strikes out swinging
Batting: LHB Velimir Sljivancanin 0-0: Foul Ball, location: 2F
0-1: Ball
1-1: Swinging Strike
1-2: Foul Ball, location: 2F
1-2: Foul Ball, location: 2F
1-2: Strikes out swinging
Batting: RHB Bogdan Sdobnyakov 0-0: Ball
1-0: Ground out 4-3 (Groundball, 4, EV 88.8 MPH)
Bottom of the 4th over - 0 runs, 0 hits, 0 errors, 0 left on base; Johnson City 4 - Chicago (APP) 3
TOP OF THE 5TH
Johnson City Cardinals batting - Pitching for Chicago (APP) Cubs : RHP Trevor Woodbury
Batting: RHB Geoff Musico 0-0: Ball
1-0: Swinging Strike
1-1: Ball
2-1: Foul Ball, location: 2F
2-2: Ball
3-2: Base on Balls
Batting: RHB Bobby Miles 0-0: Ball
1-0: Ball
2-0: Ball
3-0: Base on Balls
Geoff Musico to second
Pitching: RHP Jose Mata
Batting: RHB Sam Daw 0-0: Ball
1-0: Foul Ball, location: 2F
1-1: Ball
2-1: Called Strike
2-2: Ball
3-2: Strikes out swinging
Batting: RHB Edgar Klockow 0-0: Ball
Wild Pitch!
Geoff Musico to third
Bobby Miles to second
1-0: Ball
2-0: Foul Ball, location: 2F
2-1: Ball
3-1: Base on Balls
Batting: RHB Diego Herrera 0-0: Called Strike
0-1: Called Strike
0-2: Ball
1-2: Strikes out swinging
Batting: RHB Nick Latulippe 0-0: SINGLE (Groundball, 56, EV 101.9 MPH) (infield hit)
Geoff Musico scores
Bobby Miles to third
Edgar Klockow to second
Batting: LHB Mike East 0-0: Ball
1-0: Called Strike
1-1: Foul Ball, location: 2F
1-2: Ball
2-2: Ball
3-2: Foul Ball, location: 2F
3-2: Strikes out swinging
Top of the 5th over - 1 run, 1 hit, 0 errors, 3 left on base; Johnson City 5 - Chicago (APP) 3
BOTTOM OF THE 5TH
Chicago (APP) Cubs batting - Pitching for Johnson City Cardinals : LHP Craig Soole
Batting: RHB Adrian Cox 0-0: Called Strike
0-1: Ball
1-1: Ball
2-1: Ground out 6-3 (Groundball, 6, EV 86.9 MPH)
Batting: RHB Mike Hill 0-0: Called Strike
0-1: Ball
1-1: Foul Ball, location: 2F
1-2: Foul Ball, location: 2F
1-2: Strikes out swinging
Batting: RHB T.J. Garrison 0-0: Called Strike
0-1: SOLO HOME RUN (Flyball, 7D, EV 94.4 MPH), Distance : 379 ft
Batting: LHB Hiroki Yamamoto 0-0: Ball
1-0: Ground out 6-3 (Groundball, 6, EV 84.4 MPH)
Bottom of the 5th over - 1 run, 1 hit, 0 errors, 0 left on base; Johnson City 5 - Chicago (APP) 4
TOP OF THE 6TH
Johnson City Cardinals batting - Pitching for Chicago (APP) Cubs : RHP Jose Mata
Batting: LHB Ken Morehead 0-0: Ball
1-0: Ball
2-0: Called Strike
2-1: Ball
3-1: Base on Balls
Batting: RHB Herbert Loveless 0-0: Called Strike
0-1: SINGLE (Line Drive, 89M, EV 105.6 MPH)
Ken Morehead to second
Batting: RHB Geoff Musico 0-0: Foul Ball, location: 2F
0-1: Ball
1-1: Foul Ball, location: 2F
1-2: Fielders Choice at 2nd, 6-4 (Groundball, 56D, EV 80.0 MPH)
Ken Morehead to third
Batting: RHB Bobby Miles 0-0: Ground out 5-3 (Groundball, 56, EV 85.6 MPH)
Geoff Musico to second
Batting: RHB Sam Daw 0-0: Foul Ball, location: 2F
0-1: 3-RUN HOME RUN (Flyball, 7D, EV 103.1 MPH), Distance : 396 ft
Batting: RHB Edgar Klockow 0-0: Ball
1-0: Ground out 1-3 (Groundball, 15S, EV 69.4 MPH)
Top of the 6th over - 3 runs, 2 hits, 0 errors, 0 left on base; Johnson City 8 - Chicago (APP) 4
BOTTOM OF THE 6TH
Chicago (APP) Cubs batting - Pitching for Johnson City Cardinals : LHP Craig Soole
Batting: RHB Dustin Goldsborough 0-0: Ball
1-0: Ball
2-0: Fly out, F8 (Line Drive, 8RD, EV 102.5 MPH)
Pitching: LHP Ken Compton
Batting: RHB Andy Baumhardt 0-0: Ball
1-0: Ball
2-0: Foul Ball, location: 2F
2-1: Foul Ball, location: 2F
2-2: Foul Ball, location: 2F
2-2: Foul Ball, location: 2F
2-2: Foul Ball, location: 2F
2-2: Ball
3-2: Base on Balls
Batting: RHB Ricardo Saucedo 0-0: Called Strike
0-1: Called Strike
0-2: Ball
1-2: Strikes out swinging
Batting: LHB Velimir Sljivancanin 0-0: Called Strike
0-1: Called Strike
0-2: Ball
1-2: Ball
2-2: Strikes out swinging
Bottom of the 6th over - 0 runs, 0 hits, 0 errors, 1 left on base; Johnson City 8 - Chicago (APP) 4
TOP OF THE 7TH
Johnson City Cardinals batting - Pitching for Chicago (APP) Cubs : RHP Jose Mata
Batting: RHB Diego Herrera 0-0: Called Strike
0-1: Ball
1-1: Ball
2-1: Ball
3-1: Called Strike
3-2: Foul Ball, location: 2F
3-2: Base on Balls
Batting: RHB Nick Latulippe 0-0: Ball
1-0: Ball
2-0: Foul Ball, location: 2F
2-1: SINGLE (Groundball, 56S, EV 70.6 MPH) (infield hit)
Diego Herrera to second
Batting: LHB Mike East 0-0: SINGLE (Groundball, 4MD, EV 106.9 MPH)
Diego Herrera to third
Nick Latulippe to second
Runner from 3rd tries for Home, SAFE, throw by CF to home
Batting: LHB Ken Morehead 0-0: Ball
Wild Pitch!
Nick Latulippe to third
Mike East to second
1-0: Ball
2-0: Ball
3-0: Base on Balls
Batting: RHB Herbert Loveless 0-0: Ball
1-0: Ball
2-0: Ball
3-0: Called Strike
3-1: Called Strike
3-2: Strikes out looking
Pitching: RHP Anastagio Fasola
Batting: RHB Geoff Musico 0-0: Swinging Strike
0-1: Ball
1-1: Ball
2-1: Ball
3-1: Base on Balls
Nick Latulippe scores
Mike East to third
Ken Morehead to second
Batting: RHB Bobby Miles 0-0: Called Strike
0-1: Called Strike
0-2: DOUBLE (Groundball, 5L, EV 106.9 MPH)
Mike East scores
Ken Morehead scores
Geoff Musico to third
Runner from 3rd tries for Home, throw by LF and OUT! 7-6-2
Batting: RHB Sam Daw 0-0: Ball
1-0: Ball
2-0: Foul Ball, location: 2F
2-1: Called Strike
2-2: Ground out 5-3 (Groundball, 56S, EV 74.4 MPH)
Top of the 7th over - 4 runs, 3 hits, 0 errors, 1 left on base; Johnson City 12 - Chicago (APP) 4
BOTTOM OF THE 7TH
Chicago (APP) Cubs batting - Pitching for Johnson City Cardinals : LHP Ken Compton
Batting: RHB Bogdan Sdobnyakov 0-0: Called Strike
0-1: Ball
1-1: Called Strike
1-2: Strikes out swinging
Batting: RHB Adrian Cox 0-0: Foul Ball, location: 2F
0-1: Foul Ball, location: 2F
0-2: Ball
1-2: Ball
2-2: Foul Ball, location: 2F
2-2: Foul Ball, location: 2F
2-2: Ball
3-2: Foul Ball, location: 2F
3-2: Foul Ball, location: 2F
3-2: Strikes out swinging
Pitching: RHP Francisco Galindo
Batting: RHB Mike Hill 0-0: Ball
1-0: Foul Ball, location: 2F
1-1: Foul Ball, location: 2F
1-2: Strikes out looking
Bottom of the 7th over - 0 runs, 0 hits, 0 errors, 0 left on base; Johnson City 12 - Chicago (APP) 4
TOP OF THE 8TH
Johnson City Cardinals batting - Pitching for Chicago (APP) Cubs : RHP Anastagio Fasola
Batting: RHB Edgar Klockow 0-0: Ball
1-0: Foul Ball, location: 2F
1-1: Called Strike
1-2: Strikes out looking
Batting: RHB Diego Herrera 0-0: Ball
1-0: Ball
2-0: SINGLE (Groundball, 6MD, EV 98.1 MPH)
Batting: RHB Nick Latulippe 0-0: Called Strike
0-1: Foul Ball, location: 2F
0-2: Foul Ball, location: 2F
0-2: Foul Ball, location: 2F
0-2: Foul Ball, location: 2F
0-2: Ball
1-2: Foul Ball, location: 2F
1-2: Foul Ball, location: 2F
1-2: Foul Ball, location: 2F
1-2: SINGLE (Groundball, 4MD, EV 107.5 MPH)
Diego Herrera to second
Batting: LHB Mike East 0-0: Foul Ball, location: 2F
0-1: 3-RUN HOME RUN (Flyball, 9D, EV 104.4 MPH), Distance : 396 ft
Batting: LHB Ken Morehead 0-0: Ball
1-0: Called Strike
1-1: Foul Ball, location: 2F
1-2: Ball
2-2: Ball
3-2: Foul Ball, location: 2F
3-2: Strikes out swinging
Batting: RHB Herbert Loveless 0-0: Ground out 6-3 (Groundball, 6, EV 80.6 MPH)
Top of the 8th over - 3 runs, 3 hits, 0 errors, 0 left on base; Johnson City 15 - Chicago (APP) 4
BOTTOM OF THE 8TH
Chicago (APP) Cubs batting - Pitching for Johnson City Cardinals : RHP Francisco Galindo
Batting: RHB T.J. Garrison 0-0: Swinging Strike
0-1: Foul Ball, location: 2F
0-2: Ball
1-2: Strikes out looking
Batting: LHB Hiroki Yamamoto 0-0: Called Strike
0-1: Swinging Strike
0-2: Ball
1-2: Strikes out swinging
Batting: RHB Dustin Goldsborough 0-0: Called Strike
0-1: Swinging Strike
0-2: Strikes out swinging
Bottom of the 8th over - 0 runs, 0 hits, 0 errors, 0 left on base; Johnson City 15 - Chicago (APP) 4
TOP OF THE 9TH
Johnson City Cardinals batting - Pitching for Chicago (APP) Cubs : RHP Anastagio Fasola
Batting: RHB Geoff Musico 0-0: Foul Ball, location: 2F
0-1: Ball
1-1: Foul Ball, location: 2F
1-2: Foul Ball, location: 2F
1-2: Ball
2-2: Ball
3-2: Base on Balls
Batting: RHB Bobby Miles 0-0: Foul Ball, location: 2F
0-1: Foul Ball, location: 2F
0-2: Foul Ball, location: 2F
0-2: Ball
1-2: Foul Ball, location: 2F
1-2: Ball
2-2: Ball
3-2: Strikes out swinging
Batting: RHB Sam Daw 0-0: Ball
1-0: Ball
2-0: Ball
3-0: Called Strike
3-1: Swinging Strike
3-2: Strikes out swinging
Batting: RHB Edgar Klockow 0-0: Ball
1-0: Ball
2-0: Ball
3-0: Called Strike
3-1: Base on Balls
Geoff Musico to second
Batting: RHB Diego Herrera 0-0: Called Strike
0-1: Ball
1-1: Ball
2-1: Swinging Strike
2-2: Strikes out swinging
Top of the 9th over - 0 runs, 0 hits, 0 errors, 2 left on base; Johnson City 15 - Chicago (APP) 4
BOTTOM OF THE 9TH
Chicago (APP) Cubs batting - Pitching for Johnson City Cardinals : RHP Francisco Galindo
Batting: RHB Andy Baumhardt 0-0: Foul Ball, location: 2F
0-1: Foul Ball, location: 2F
0-2: Ball
1-2: Strikes out swinging
Batting: RHB Ricardo Saucedo 0-0: Ball
1-0: Ball
2-0: Called Strike
2-1: Foul Ball, location: 2F
2-2: Strikes out looking
Pitching: LHP Andy Fitzsimmons
Batting: LHB Velimir Sljivancanin 0-0: Called Strike
0-1: Called Strike
0-2: Foul Ball, location: 2F
0-2: Strikes out swinging
Bottom of the 9th over - 0 runs, 0 hits, 0 errors, 0 left on base; Johnson City 15 - Chicago (APP) 4
Tuesday, September 13th , 2022 - OOTP Baseball 23.7 Build 88